 Dungeon Crawl Stone Soup version 0.29.1-13-g9f3cf754e1 (webtiles) character file.

Game seed: 18360721858858166137

1 Descartes the Magician (level 1, 0/14 HPs)
             Began as a Deep Elf Wanderer on Jan 27, 2023.
             Slain by a jackal (1 damage)
             ... on level 1 of the Dungeon.
             The game lasted 00:00:49 (123 turns).

Descartes the Magician (Deep Elf Wanderer)           Turns: 123, Time: 00:01:05

Health: 0/14       AC:  2    Str: 10    XL:     1   Next: 16%
Magic:  3/7        EV: 11    Int: 18    God:
Gold:   8          SH:  0    Dex: 11    Spells: 7/8 levels left

rFire   . . .      SeeInvis .   a - +0 dagger
rCold   . . .      Faith    .   (no shield)
rNeg    . . .      Spirit   .   b - +0 robe
rPois   .          Reflect  .   (no helmet)
rElec   .          Harm     .   (no cloak)
rCorr   .          Rampage  .   (no gloves)
Will    .....                   (no boots)
Stlth   +.........              (no amulet)
HPRegen 0.04/turn               (no ring)
MPRegen 0.10/turn               (no ring)

@: no status effects
A: no striking features
a: no special abilities


You were on level 1 of the Dungeon.
You visited 1 branch of the dungeon, and saw 1 of its levels.

You collected 8 gold pieces.

Inventory:

Hand Weapons
 a - a +0 dagger (weapon)
Armour
 b - a +0 robe (worn)
Scrolls
 c - 2 scrolls of fog
 d - 2 scrolls of summoning {unknown}


   Skills:
 - Level 3.2 Fighting
 + Level 0.5 Dodging
 - Level 4.4 Spellcasting
 - Level 2.4 Necromancy
 - Level 1.1 Evocations


You had 7 spell levels left.
You knew the following spells:

 Your Spells              Type           Power      Damage    Failure   Level
a - Summon Small Mammal   Summ           12%        N/A       14%         1

Your spell library contained the following spells:

 Spells                   Type           Power      Damage    Failure   Level
 Necrotise                Necr           48%        1d6       5%          1
 Vampiric Draining        Necr           12%        2d6       16%         3
 Call Canine Familiar     Summ           3%         N/A       38%         3
 Corpse Rot               Necr/Pois/Air  6%         N/A       71%         4


Dungeon Overview and Level Annotations

Branches:
Dungeon (1/15)

Altars:


Message History

Your bat barely misses the jackal.
The jackal bites you but does no damage.
The jackal barely misses you.
Your bat hits the jackal but does no damage.
The jackal closely misses you. The jackal attacks as you move away!
The jackal barely misses you.
Your bat hits the jackal but does no damage.
The jackal bites your bat. The jackal barely misses you.
Your rat bites the jackal.
You see here a ball python corpse.
The jackal attacks as you move away! The jackal closely misses you.
Your bat closely misses the jackal.
Your bat hits the jackal but does no damage.
Your magical contamination has completely faded away.
The jackal attacks as you move away! The jackal closely misses you.
Your bat closely misses the jackal.
Your bat misses the jackal. The jackal barely misses you.
The jackal attacks as you move away! The jackal bites you.
Your bat hits the jackal.
Casting: Summon Small Mammal (safe; 14% risk of failure)
Confirm with . or Enter, or press ? or * to list all spells.
Your rat disappears in a puff of smoke!
The jackal closely misses you.
The jackal bites you but does no damage.
The jackal bites you. The jackal barely misses you.
Your bat closely misses the jackal.
The jackal attacks as you move away! The jackal barely misses you.
Your bat hits the jackal but does no damage.
Unknown command.
Unknown command.
The jackal attacks as you move away! The jackal misses you.
Your bat completely misses the jackal.
The jackal attacks as you move away! The jackal bites you.
* * * LOW HITPOINT WARNING * * *
The jackal attacks as you move away! The jackal bites you.
* * * LOW HITPOINT WARNING * * *
Your bat completely misses the jackal.
The jackal bites you.
* * * LOW HITPOINT WARNING * * *
The jackal bites you.
You die...

#..+........# .
#..#........#..# ..
#..#...<....#..#
...##..#........#..#
.......#........+..#
...##..#........#..#
.. #..#######+##..#
. #.........bh...#
#....†...r.h@..#
#####.########## #.#
... #.#.. .. ..# ...
### .#.


You could see 2 jackals, a friendly bat (summoned) and a friendly rat
(summoned).

Vanquished Creatures (collateral kills)
  A ball python (D:1)
1 creature vanquished.

Notes
Turn   | Place    | Note
-------+----------+-------------------------------------------
     0 | D:1      | Descartes the Deep Elf Wanderer began the quest for the
                  | Orb.
     0 | D:1      | Descartes set off with the following items: a +0 dagger, a
                  | +0 robe, 2 scrolls of fog; and the following spells
                  | available to memorise: Necrotise, Summon Small Mammal,
                  | Vampiric Draining, Call Canine Familiar, Corpse Rot.
     0 | D:1      | Reached XP level 1. HP: 14/14 MP: 7/7
     2 | D:1      | Learned a level 1 spell: Summon Small Mammal
   123 | D:1      | Slain by a jackal

Illustrated notes

Levels and vault maps discovered:
D:1:      lemuel_arrival_room, layout_rooms

Action                   || total
-------------------------++-------
 Cast: Summon Small Mamm ||    11
Armor: Robe              ||     2
Dodge: Dodged            ||    15
